 Dungeon Crawl Stone Soup version 0.29.1 (webtiles) character file.

Game seed: 7490005937900486610

13458 swilekon the Slicer (level 12, -10/78 HPs)
             Began as an Octopode Monk on Sept 14, 2022.
             Was an Elder of Hepliaklqana.
             Mangled by a boulder beetle (23 damage)
             ... on level 11 of the Dungeon.
             The game lasted 00:27:53 (12180 turns).

swilekon the Slicer (Octopode Monk)                Turns: 12180, Time: 00:27:54

Health: -10/78     AC:  6    Str: 18    XL:     12   Next: 6%
Magic:  0/12       EV: 23    Int: 15    God:    Hepliaklqana [****..]
Gold:   1571       SH:  5    Dex: 18    Spells: 11/11 levels left

rFire   . . .      SeeInvis .   I - +3 short sword (vamp)
rCold   . . .      Faith    .   i - +0 buckler
rNeg    + + .      Spirit   +   a - +1 hat
rPois   .          Reflect  .   m - amulet of guardian spirit
rElec   +          Harm     .   f - +4 ring of protection
rCorr   .          Rampage  .   u - +4 ring of evasion
Will    .....                   A - ring of positive energy
Stlth   +++.......              h - ring of Law {Drain rElec rN+ Str+7 Int+2}
HPRegen 0.23/turn               (no ring)
MPRegen 0.13/turn               (no ring)
                                (no ring)
                                (no ring)

@: no status effects
A: reduced essence, almost no armour, amphibious, 8 rings, camouflage 1,
gelatinous body 1, (nimble swimmer 1), tentacles
a: Renounce Religion, Recall Ancestor, Ancestor Identity, Transference, Idealise


You were on level 11 of the Dungeon.
You worshipped Hepliaklqana.
Hepliaklqana was greatly pleased with you.
You visited 2 branches of the dungeon, and saw 13 of its levels.

You collected 1571 gold pieces.

Inventory:

Hand Weapons
 I - a +3 vampiric short sword (weapon)
Armour
 a - a +1 hat (worn)
 i - a +0 buckler (worn)
Jewellery
 f - a +4 ring of protection (left tentacle)
 h - the ring of Law (on tentacle) {Drain rElec rN+ Str+7 Int+2}
   (You found it on level 10 of the Dungeon)

   [ring of positive energy]

   Str:       It affects your strength (+7).
   Int:       It affects your intelligence (+2).
   rElec:     It insulates you from electricity.
   rN:        It protects you from negative energy.
   Drain:     It drains your maximum health when unequipped.
 m - an amulet of guardian spirit (around mantle)
 u - a +4 ring of evasion (right tentacle)
 A - a ring of positive energy (on tentacle)
Wands
 q - a wand of quicksilver (8)
 w - a wand of iceblast (10)
 y - a wand of paralysis (3)
 B - a wand of flame (37)
Scrolls
 e - 3 scrolls of enchant armour
 g - 2 scrolls of magic mapping
 j - a scroll of fear
 k - 6 scrolls of teleportation
 l - a scroll of identify
 C - a scroll of amnesia
Potions
 b - 2 potions of ambrosia
 c - 10 potions of curing
 d - 4 potions of might
 n - a potion of flight
 o - a potion of haste
 r - a potion of heal wounds
 s - a potion of lignification
 z - a potion of invisibility
 G - a potion of brilliance


   Skills:
 + Level 10.0 Fighting
 * Level 13.6 Short Blades
 + Level 10.0 Dodging
 - Level 2.6 Stealth
 + Level 2.5 Shields


You had 11 spell levels left.
You didn't know any spells.
Your spell library contained the following spells:

 Spells                   Type           Power      Damage    Failure   Level
 Foxfire                  Conj/Fire      0%         2x1d4     34%         1
 Magic Dart               Conj           0%         1d3       34%         1
 Searing Ray              Conj           0%         2d4       47%         2
 Conjure Flame            Conj/Fire      0%         6-21      71%         3
 Inner Flame              Hex/Fire       0%         N/A       71%         3
 Portal Projectile        Hex/Tloc       0%         N/A       71%         3
 Tukima's Dance           Hex            0%         N/A       71%         3
 Flame Wave               Conj/Fire      0%         2d4       98%         4
 Fulminant Prism          Conj/Hex       0%         3d6       98%         4
 Blade Hands              Tmut           0%         N/A       100%        5


Dungeon Overview and Level Annotations

Branches:
Dungeon (12/15)            Temple (1/1) D:5            Lair (0/5) D:8
    Orc (0/2) D:11

Altars:
Ashenzari
Cheibriados
Dithmenos
Elyvilon
Gozag
Hepliaklqana
Makhleb
Nemelex Xobeh
Okawaru
Ru
Uskayaw
Wu Jian
Xom
Yredelemnul
Zin
The Shining One


Innate Abilities, Weirdness & Mutations

Your life essence is reduced to manifest your ancestor. (-10% HP)
You cannot wear most types of armour.
You are amphibious.
You can wear up to eight rings at the same time.
Your skin changes colour to match your surroundings (Stealth+).
Your rubbery body absorbs attacks. (AC +1, EV +1)
((You are camouflaged when in or above water. (Stealth+)))
You have tentacles for arms and can constrict up to eight enemies at once.


Message History

You squeeze the boulder beetle, but do no damage.
The boulder beetle is heavily wounded.
You puncture the boulder beetle!
You squeeze the boulder beetle, but do no damage.
The boulder beetle is severely wounded.
The boulder beetle completely misses you.
You hit the boulder beetle.
You feel better.
The boulder beetle is severely wounded.
You puncture the boulder beetle!
The boulder beetle is almost dead.
The boulder beetle waves its antennae.
The boulder beetle completely misses you.
You hit the boulder beetle but do no damage.
You squeeze the boulder beetle, but do no damage.
The boulder beetle is almost dead.
You hit the boulder beetle but do no damage.
The boulder beetle is almost dead.
The boulder beetle bites you!!
* * * LOW HITPOINT WARNING * * *
You hit the boulder beetle but do no damage.
You squeeze the boulder beetle.
The boulder beetle is almost dead.
You block the boulder beetle's attack.
You hit the boulder beetle.
The boulder beetle is almost dead.
You hit the boulder beetle but do no damage.
You squeeze the boulder beetle, but do no damage.
The boulder beetle is almost dead.
The boulder beetle leaps!
You start resting.
A boulder beetle is nearby!
The boulder beetle completely misses you.
You hit the boulder beetle but do no damage.
You squeeze the boulder beetle, but do no damage.
The boulder beetle is almost dead.
You completely miss the boulder beetle.
You squeeze the boulder beetle, but do no damage.
The boulder beetle is almost dead.
The boulder beetle bites you!!
You die...

# #..# #........# #.[...
########..#
#........#####.....
..........#
#..####........)...
..........# #..#
#.######.....
#.........# #..# #.#
#..... ##.####...# #..#
#.# #.#### #.# #...#
#..# #.# #B# #.# #...#
#..## #.# #.# #.# #...#
#.@.# #.# #†# ..# #...#
#####B# #.# #.# .##
#..####.....# #.# #.# #
#.##.....#..# #.# #.#
###..###.#..###.######.#
##..##...#.##..........#
#..##...##.#...........#
#.##....#..####........#
##.#...|##.## #..#####.#


You could see a boulder beetle.

Vanquished Creatures
  A boulder beetle (D:11)
  3 two-headed ogres
  A manticore (D:11)
  Joseph (D:8)
  A komodo dragon (D:8)
  2 trolls
  2 hornets
  2 slime creatures (D:9)
  A wyvern (D:10)
  16 yaks
  A wraith (D:9)
  2 steam dragons
  A vampire mosquito (D:11)
  Menkaure (D:6)
  2 water moccasins
  4 orc warriors
  An ogre (D:6)
  3 centaurs
  A kobold brigand (D:8)
  4 necrophages
  4 bullfrogs
  A gnoll sergeant (D:9)
  4 scorpions
  7 wights
  8 killer bees
  A jelly (D:4)
  A gnoll bouda (D:6)
  A hound (D:4)
  5 orc priests
  Natasha (D:2)
  3 iguanas
  5 orc wizards
  8 gnolls
  5 adders
  A white imp (D:7)
  An ufetubus (D:5)
  A dart slug (D:1)
  21 orcs
  5 bats
  8 endoplasms
  2 giant cockroaches
  5 goblins
  5 hobgoblins
  9 quokkas
  4 ball pythons
  A frilled lizard (D:1)
  7 kobolds
  4 rats
178 creatures vanquished.

Vanquished Creatures (collateral kills)
  A slime creature (D:9)
  A hornet (D:9)
  Sigmund (D:6)
  A vampire (D:11)
  A yak (D:10)
  A steam dragon (D:6)
  An ice beast (D:6)
  2 orc warriors
  A black bear (D:8)
  A sky beast (D:7)
  An ogre (D:5)
  A centaur (D:8)
  A phantom (D:6)
  A gnoll sergeant (D:8)
  2 necrophages
  A wight (D:9)
  4 killer bees (D:9)
  2 hounds
  An orc priest (D:9)
  A gnoll bouda (D:8)
  2 iguanas (D:6)
  3 orc wizards
  7 gnolls
  2 adders (D:5)
  A white imp (D:6)
  A worm (D:5)
  15 orcs
  2 goblins (D:6)
59 creatures vanquished.

Vanquished Creatures (others)
  An angel (D:5)
  8 battlemagi
  35 plants
44 creatures vanquished.

Grand Total: 281 creatures vanquished

Notes
Turn   | Place    | Note
-------+----------+-------------------------------------------
     0 | D:1      | swilekon the Octopode Monk began the quest for the Orb.
     0 | D:1      | Reached XP level 1. HP: 16/16 MP: 1/1
    79 | D:1      | Reached XP level 2. HP: 20/21 MP: 2/2
   616 | D:1      | Reached XP level 3. HP: 26/26 MP: 3/3
  1252 | D:2      | Found a faded altar of an unknown god.
  1624 | D:2      | Noticed Natasha
  1628 | D:2      | Killed Natasha
  1629 | D:2      | Reached skill level 4 in Short Blades
  1629 | D:2      | Reached XP level 4. HP: 25/31 MP: 4/4
  2103 | D:3      | Noticed a scorpion
  2113 | D:3      | Killed a scorpion
  2114 | D:3      | Reached XP level 5. HP: 36/37 MP: 5/5
  2627 | D:3      | Reached skill level 5 in Short Blades
  2627 | D:3      | Reached XP level 6. HP: 26/43 MP: 6/6
  2883 | D:4      | Found a hide-covered altar of Uskayaw.
  3022 | D:4      | Identified the +2 longbow "Odghieroi" {vorpal, +Blink rF+
                  | rC+ Dex+4}
  3169 | D:4      | Reached XP level 7. HP: 26/49 MP: 7/7
  3522 | D:4      | Reached skill level 6 in Short Blades
  4030 | D:4      | Reached skill level 5 in Fighting
  4238 | D:4      | Reached skill level 5 in Dodging
  4387 | D:4      | Found an ornate altar of the Wu Jian Council.
  4631 | D:5      | Entered Level 5 of the Dungeon
  4638 | D:5      | Identified a scroll of acquirement
  4638 | D:5      | Acquired 895 gold pieces
  4638 | D:5      | Found a staircase to the Ecumenical Temple.
  4638 | D:5      | Noticed a steam dragon
  4643 | Temple   | Entered the Ecumenical Temple
  4856 | Temple   | Became a worshipper of Hepliaklqana the Forgotten
  4856 | Temple   | Reached * piety under Hepliaklqana
  4856 | Temple   | Reached ** piety under Hepliaklqana
  4857 | Temple   | Remembered your ancestor May as a battlemage
  4916 | D:5      | Killed a steam dragon
  5125 | D:5      | Killed an angel
  5187 | D:5      | Reached XP level 8. HP: 49/49 MP: 8/8
  5210 | D:5      | Found a sacrificial altar of Ru.
  5268 | D:5      | Reached skill level 7 in Short Blades
  5297 | D:5      | Found a glowing silver altar of Zin.
  5304 | D:5      | Found a shimmering altar of Xom.
  5793 | D:6      | Reached skill level 8 in Short Blades
  5936 | D:6      | Found a glowing golden altar of the Shining One.
  5951 | D:6      | Found a white marble altar of Elyvilon.
  5963 | D:6      | Noticed Sigmund
  5969 | D:6      | Killed Sigmund
  5970 | D:6      | Reached XP level 9. HP: 51/56 MP: 7/9
  6114 | D:6      | Identified the +3 leather armour of Understanding {Contam
                  | rF++ Int+3 Dex-3}
  6215 | D:6      | Noticed Menkaure
  6221 | D:6      | Killed Menkaure
  6384 | D:6      | Reached skill level 9 in Short Blades
  6387 | D:6      | Found an iron altar of Okawaru.
  6688 | D:7      | Noticed a two-headed ogre
  6702 | D:7      | Killed a two-headed ogre
  7035 | D:7      | Reached skill level 10 in Short Blades
  7105 | D:7      | Reached *** piety under Hepliaklqana
  7405 | D:8      | Noticed a hornet
  7408 | D:8      | Killed a hornet
  7409 | D:8      | Reached XP level 10. HP: 63/63 MP: 10/10
  7784 | D:8      | Found a shadowy altar of Dithmenos.
  8087 | D:8      | Noticed Joseph
  8103 | D:8      | Killed Joseph
  8104 | D:8      | Reached skill level 11 in Short Blades
  8363 | D:8      | Found a snail-covered altar of Cheibriados.
  8421 | D:8      | Found a staircase to the Lair.
  9267 | D:9      | Reached **** piety under Hepliaklqana
  9387 | D:9      | Killed a very large slime creature
  9388 | D:9      | Reached skill level 12 in Short Blades
  9388 | D:9      | Reached XP level 11. HP: 69/70 MP: 7/11
  9949 | D:10     | Entered Level 10 of the Dungeon
  9964 | D:10     | Identified the ring of Law {Drain rElec rN+ Str+7 Int+2}
 10634 | D:10     | Noticed a two-headed ogre
 10643 | D:10     | Killed a two-headed ogre
 10644 | D:10     | Reached skill level 13 in Short Blades
 11010 | D:11     | Noticed a two-headed ogre
 11021 | D:11     | Killed a two-headed ogre
 11037 | D:11     | Found a staircase to the Orcish Mines.
 11045 | D:11     | Reached skill level 1 in Shields
 11181 | D:11     | Noticed a two-headed ogre
 11442 | D:11     | Noticed an eight-headed hydra
 11585 | D:11     | Noticed a boulder beetle
 11600 | D:11     | Killed a boulder beetle
 11601 | D:11     | Reached skill level 10 in Fighting
 11835 | D:11     | Noticed a manticore
 11892 | D:11     | Reached skill level 10 in Dodging
 11892 | D:11     | Reached XP level 12. HP: 77/78 MP: 9/12
 12009 | D:11     | Noticed a boulder beetle
 12180 | D:11     | Mangled by a boulder beetle

Illustrated notes

Levels and vault maps discovered:
D:1:      sevenhm_arrival_forest_fort_small_6, layout_loops_ring
D:2:      layout_basic, hellmonk_ecumenical_altar_leap_of_faith,
          minmay_tetromino_t2, uniq_natasha
D:3:      layout_rooms
D:4:      layout_layer_cave, eat_drink_and_be_merry_uskayaw,
          nzn_wu_jian_council_hall, serial_forest, infiniplex_forest_pool,
          infiniplex_forest_straight_2, infiniplex_forest_clump_diagonal,
          infiniplex_forest_straight_4, infiniplex_forest_lined_corner,
          kennysheep_small_spiral
D:5:      layout_basic, grunt_temple_overflow_order_and_chaos_1,
          kennysheep_little_box, minmay_temple_entry_overgrown
D:6:      layout_rooms, mainiacjoe_overflow_paths, elyvilon_altar_5,
          kennysheep_okawaru_gauntlet, st_stairs_10, uniq_menkaure, uniq_sigmund
D:7:      layout_basic
D:8:      minmay_chambers_of_fours, layout_loops_ring,
          nicolae_dithmenos_shadow_blocks, mainiacjoe_overflow_alcove_1,
          david_lair_shrubbed, uniq_joseph
D:9:      layout_long_grid
D:10:     layout_loops_cross
D:11:     minmay_evil_eye, layout_long_grid, minmay_orc_entry_temple_small,
          nicolae_looking_at_the_future
D:12:     layout_loops_ring, gauntlet_entry_generic, nicolae_specific_store,
          kb_rosetta
Temple:   nicolae_temple_slightly_damp_pantheon

Skill      XL: |  1  2  3  4  5  6  7  8  9 10 11 |
---------------+----------------------------------+-----
Short Blades   | 4 5 6 8 10 12 13 | 13.6
Fighting       | 4 5 6 7 8 10 | 10.0
Dodging        | 4 5 6 7 8 10 | 10.0
Shields        | 2 |  2.5
Stealth        | |  2.6

Action                   |  1- 3 |  4- 6 |  7- 9 | 10-12 || total
-------------------------+-------+-------+-------+-------++-------
Melee: Short sword       |    52 |   115 |   161 |   493 ||   821
       Tentacles         |     9 |    34 |    62 |   166 ||   271
       Constrict         |     9 |    23 |    29 |    53 ||   114
       Punch             |       |     5 |     3 |    15 ||    23
Invok: Ancestor Life: Ba |       |       |     1 |       ||     1
       Ancestor Identity |       |       |     1 |       ||     1
Evoke: Wand              |       |       |     1 |       ||     1
  Use: Potion            |     1 |       |       |     3 ||     4
       Scroll            |       |       |     7 |    15 ||    22
 Stab: Sleeping          |    11 |     5 |     9 |     5 ||    30
       Distracted        |     1 |       |     1 |     4 ||     6
Armor: Skin              |     3 |    27 |    10 |    25 ||    65
Dodge: Dodged            |    20 |    91 |    92 |   284 ||   487
Block: Buckler           |       |       |       |     9 ||     9
